 Dungeon Crawl Stone Soup version 0.29-a0-275-g389c0b56f3 (webtiles) character file.

Game seed: 18251360584585834650

1781 spaghetti the Slicer (level 8, -2/91 HPs)
             Began as a Demonspawn Berserker on Mar 9, 2022.
             Was a Believer of Trog.
             Killed by an exploding wight (37 damage)
             ... ignited by their inner flame
             ... on level 7 of the Dungeon.
             The game lasted 00:09:04 (5809 turns).

spaghetti the Slicer (Demonspawn Berserker)         Turns: 5809, Time: 00:09:05

Health: -2/91      AC: 24    Str: 21    XL:     8   Next: 81%
Magic:  8/8        EV:  2    Int:  8    God:    Trog [**....]
Gold:   382        SH: 13    Dex: 16    Spells: 7/7 levels left

rFire   . . .      SeeInvis .   a - +2 short sword (venom) {short}
rCold   . . .      Faith    .   v - +0 tower shield of Melancholy {+Inv Str+4}
rNeg    . . .      Spirit   .   (body armour currently unavailable)
rPois   +          Reflect  .   (helmet currently unavailable)
rElec   .          Harm     .   (cloak currently unavailable)
rCorr   .          Rampage  .   (gloves currently unavailable)
Will    ++...      NoTele   +   (boots currently unavailable)
Stlth   +.........              (no amulet)
HPRegen 1.25/turn               i - +4 ring of slaying
MPRegen 0.11/turn               (no ring)

@: brilliant, tree-form (expiring), strong-willed (expiring), regenerating
(expiring)
A: stationary, stasis, torment immunity, boosted hp, (hooves 1), (large bone
plates 1), ignite blood 1, (spiny 1)
a: Renounce Religion, Evoke Invisibility, Berserk, Trog's Hand


You were on level 7 of the Dungeon.
You worshipped Trog.
Trog was pleased with you.
You were a tree.
You visited 1 branch of the dungeon, and saw 7 of its levels.

You collected 382 gold pieces.


Innate Abilities, Weirdness & Mutations

You are a tree.
Your roots penetrate the ground, keeping you stationary.
You cannot be teleported.
You are immune to unholy pain and torment.
Your maximum health is greatly increased.
Your equipment is partially melded.
((You have large cloven feet.))
((You are partially covered in large bone plates. (SH +4)))
Your demonic aura sometimes causes spilled blood to erupt in flames.
((You are partially covered in sharp spines.))


   Skills:
 - Level 4.8 Fighting
 + Level 8.9(9.1) Short Blades
 - Level 2.6(6.2) Long Blades
 - Level 1.7 Armour
 - Level 1.7 Dodging
 + Level 3.7 Shields


You had 7 spell levels left.
You didn't know any spells.
Your spell library contained the following spells:

 Spells                   Type           Power      Damage    Failure   Level
 Ensorcelled Hibernation  Hex/Ice        0%         N/A       100%        2
 Conjure Flame            Conj/Fire      0%         6-21      100%        3
 Ignite Poison            Fire/Tmut/Pois 0%         N/A       100%        3
 Spider Form              Tmut/Pois      0%         N/A       100%        3
 Anguish                  Hex/Necr       0%         N/A       100%        4
 Sticky Flame             Conj/Fire      0%         2d3       100%        4

Inventory:

Hand Weapons
 a - a +2 short sword of venom (weapon) {short}
   (You took it off a kobold on level 3 of the Dungeon)
 b - a +0 hunting sling {sling}
   (You found it on level 5 of the Dungeon)
 n - a +0 dagger of speed {short}
   (You took it off Jessica on level 3 of the Dungeon)
Missiles
 c - 12 poisoned darts (quivered) {throwing}
 j - 73 stones {throwing}
 o - a boomerang {throwing}
 w - a throwing net {=f!fthrowing}
Armour
 e - a +1 pair of gloves (melded)
   (You found it on level 1 of the Dungeon)
 h - a +0 plate armour
   (You found it on level 5 of the Dungeon)
 q - a +0 animal skin (melded)
 s - the +1 buckler of Wiff {rCorr Str-5 Slay+2}
   (You found it on level 5 of the Dungeon)

   Str:       It affects your strength (-5).
   Slay:      It affects your accuracy & damage with ranged weapons and melee
   (+2).
   rCorr:     It protects you from acid and corrosion.
 t - a +0 pair of boots (melded)
   (You found it on level 5 of the Dungeon)
 v - the +0 tower shield of Melancholy (worn) {+Inv Str+4}
   (You acquired it on level 5 of the Dungeon)

   Str:       It affects your strength (+4).
   +Inv:      It lets you turn invisible.
Magical Staves
 y - a staff of death {forbidden!astaff}
   (You found it on level 5 of the Dungeon)
Jewellery
 f - a ring of protection from fire
   (You found it on level 1 of the Dungeon)
 i - a +4 ring of slaying (left branch)
   (You found it on level 2 of the Dungeon)
Scrolls
 l - 2 scrolls of vulnerability {!r!r}
 x - a scroll of teleportation {@r4}
Potions
 d - a potion of attraction {!q}
 u - a potion of lignification {!q}
Miscellaneous
 m - a piece from Xom's chessboard (15/15)
   (You found it on level 3 of the Dungeon)

Dungeon Overview and Level Annotations

Branches:
Dungeon (7/15)             Temple (0/1) D:5

Altars:
Fedhas
Hepliaklqana
Xom

..# ##### ..####...###
##.# ....#......#
#..###### ...........#
....#.... <..........#
##........ ...........##
#.........
<.##........## .........
..#..........# #gz......
.......###..####♣Yz....#
........##.## #§§§.....#
............###.§§§....#
............##.§§§.....+
..................#..###
.........#......#$#..#
.........##.#.##### ..#
..........#....# ..#
.......##...##... .#


You could see a friendly sky beast (summoned, inner flame), 2 friendly wights
and a friendly gnoll (summoned, inner flame).


Message History

* * * LOW HITPOINT WARNING * * *
😱 HP[-17]
You take 17 damage, and now have 14/61 hp.
MASSIVE DAMAGE!! (PAUSE) It was a potion of brilliance.
You feel clever all of a sudden. Something hits you!
* * * LOW HITPOINT WARNING * * *
😱 HP[-7]
You take 7 damage, and now have 7/61 hp.
Unknown command.
It was a potion of curing.
You feel better. Something hits you.
* * * LOW HITPOINT WARNING * * *
😱 HP[+3]
You regained 3 hp, and now have 10/61 hp.
It was a potion of lignification.
You turn into a tree.
Your +1 pair of gloves melds into your body.
Your +0 pair of boots melds into your body.
Your +0 animal skin melds into your body.
Your roots penetrate the ground.
You block something's attack. 😱 HP[+5]
You now have 91 max hp (+30).
You regained 5 hp, and now have 15/91 hp.
It was a potion of flight.
Your roots keep you in place.
Something hits you but does no damage.
Your skin crawls.
You feel strong-willed.
Something hits you but does no damage. 😱 HP[+2]
You regained 2 hp, and now have 17/91 hp.
You cannot move.
Okay, then.
As you read the scroll of summoning, it crumbles to dust.
Wisps of shadow whirl around you... Something hits your orc. 😱 HP[+1]
You cannot move.
You swing at nothing.
Something hits your orc!
Your orc dies!
Your orc's corpse dissolves into shadows!
Your wight hits something with a +4 dagger. 😱 HP[+1]
You swing at nothing.
Something hits your wight.
Something barely misses your gnoll sergeant.
Your gnoll completely misses something. 😱 HP[+1]
You swing at nothing.
Something hits your wight!
Your wight is destroyed!
Your wight dissolves into shadows!
Something hits your gnoll. Something hits your wight.
Your gnoll hits something with a +0 spear.
Your gnoll hits something with a +0 whip. 😱 HP[+2]
You regained 2 hp, and now have 22/91 hp.
Something closely misses your gnoll. 😨 HP[+1]
Something hits your gnoll. 😨 HP[+1]
Something hits your gnoll. 😨 HP[+1]
You start resting.
Something barely misses your gnoll.
Something completely misses your wight. 😨 HP[+3]
You regained 3 hp, and now have 28/91 hp.
Okay, then.
Okay, then.
You start resting.
Something hits your gnoll.
Your gnoll dies!
Your gnoll's corpse dissolves into shadows!
Your transformation is almost over.
Something hits your wight.
Your wight dissolves into shadows!
Something hits your gnoll! Something hits your wight.
Something barely misses your gnoll. 😨 HP[+5]
You regained 5 hp, and now have 33/91 hp.
Really read
r - a scroll of immolation {!r!r}?
Really read the scroll of immolation?
You can't even see any enemies this would affect.
As you read the scroll of immolation {!r!r}, it crumbles to dust.
The creatures around you are filled with an inner flame!
Something closely misses your gnoll. 😨 HP[+1] Unknown command.
Unknown command.
You feel the effects of Trog's Hand fading.
Something hits your gnoll.
Your gnoll's corpse dissolves into shadows!
The fiery explosion engulfs your gnoll!!!
Your gnoll's corpse dissolves into shadows!
The fiery explosion engulfs something!
Trog accepts your kill.
Reactivating autopickup.
You feel a bit more experienced.
The fiery explosion engulfs your gnoll!!
Your gnoll's corpse dissolves into shadows!
The fiery explosion engulfs your gnoll sergeant!!
Your gnoll sergeant's corpse dissolves into shadows!
The fiery explosion engulfs your wight!!
Your wight dissolves into shadows!
The fiery explosion engulfs you!!!
You die...

Skill      XL: |  1  2  3  4  5  6  7  8 |
---------------+-------------------------+-----
Fighting       | 4 |  4.8
Short Blades   | 4 6 7 8 |  8.9
Shields        | 3 |  3.7
Long Blades    | |  2.6
Armour         | |  1.7
Dodging        | |  1.7

Action                   |  1- 3 |  4- 6 |  7- 9 || total
-------------------------+-------+-------+-------++-------
Melee: Falchion          |    39 |       |       ||    39
       Dagger            |    64 |    61 |       ||   125
       Punch             |     1 |     1 |       ||     2
       Short sword       |       |    28 |   108 ||   136
       Kick              |       |       |     1 ||     1
Invok: Berserk           |     8 |     5 |     4 ||    17
       Trog's Hand       |       |       |     1 ||     1
  Use: Potion            |     1 |       |     4 ||     5
       Scroll            |       |     4 |     7 ||    11
 Stab: Invisible         |     1 |       |       ||     1
       Sleeping          |       |     2 |       ||     2
Armor: Animal skin       |    35 |    14 |    23 ||    72
       Skin              |       |       |     2 ||     2
Dodge: Dodged            |    63 |    22 |    28 ||   113
Block: Other             |    17 |    14 |     5 ||    36
       Tower shield      |       |       |    35 ||    35
       Buckler           |       |       |     8 ||     8

Levels and vault maps discovered:
D:1:      dpeg_arrival_refuge, layout_basic,
          ebering_ecumenical_altar_sacrificial, grunt_decor_fettered
D:2:      layout_rooms, minmay_gold_behind_fungi, uniq_robin
D:3:      layout_loops_corners, xom_butterflies,
          worldfamousw_hep_ancestral_shrine, hellmonk_ghost_happy_afterlife,
          uniq_jessica, uniq_grinder
D:4:      layout_loops_cross, general_overflow_altar
D:5:      layout_gridville, minmay_temple_entry_nine_rooms
D:6:      layout_cave_pools, kennysheep_opposing_triangles, uniq_pikel
D:7:      nicolae_cairo_tiling_very_big, layout_cave_pools

Notes
Turn   | Place    | Note
-------+----------+-------------------------------------------
     0 | D:1      | spaghetti the Demonspawn Berserker began the quest for the
                  | Orb.
     0 | D:1      | Reached XP level 1. HP: 18/18 MP: 1/1
     0 | D:1      | magus.rc [v1.9.6]
   260 | D:1      | Gained mutation: You are partially covered in large bone
                  | plates. (SH +4) [demonic ancestry]
   260 | D:1      | Reached XP level 2. HP: 23/24 MP: 2/2
   272 | D:1      | Found a faded altar of an unknown god.
   767 | D:1      | Reached skill level 4 in Fighting
  1011 | D:2      | Noticed Robin
  1278 | D:2      | Reached XP level 3. HP: 27/27 MP: 3/3
  1543 | D:1      | Killed Robin
  1841 | D:2      | Gained mutation: You are partially covered in sharp spines.
                  | [demonic ancestry]
  1841 | D:2      | Reached XP level 4. HP: 38/38 MP: 4/4
  2090 | D:2      | You pick up a book of Dreams {forbidden} and begin
                  | reading...
  2090 | D:2      | You add the spells Ensorcelled Hibernation, Spider Form and
                  | Anguish to your library.
  2298 | D:3      | Reached skill level 1 in Short Blades
  2396 | D:3      | Found a shimmering altar of Xom.
  2537 | D:3      | Found a runed translucent door.
  2537 | D:3      | Noticed spaghetti's ghost (amateur DDHu)
  2567 | D:3      | Found a hazy altar of Hepliaklqana.
  2795 | D:3      | Noticed Grinder
  2805 | D:3      | Killed Grinder
  2806 | D:3      | Reached skill level 4 in Short Blades
  2806 | D:3      | Reached XP level 5. HP: 43/43 MP: 5/5
  2806 | D:3      | Gained mutation: Your demonic aura sometimes causes spilled
                  | blood to erupt in flames. [demonic ancestry]
  2806 | D:3      | Reached XP level 6. HP: 50/50 MP: 6/6
  3121 | D:3      | Noticed Jessica
  3127 | D:3      | Killed Jessica
  3552 | D:3      | Killed spaghetti's ghost
  3553 | D:3      | Reached skill level 5 in Short Blades
  3658 | D:4      | Reached ** piety under Trog
  3839 | D:4      | Found a blossoming altar of Fedhas.
  3979 | D:4      | Noticed a steam dragon
  3989 | D:4      | Killed a steam dragon
  3990 | D:4      | Reached skill level 6 in Short Blades
  3990 | D:4      | Reached XP level 7. HP: 51/55 MP: 7/7
  4336 | D:4      | You add the spells Conjure Flame, Ignite Poison and Sticky
                  | Flame to your library.
  4478 | D:4      | Reached skill level 7 in Short Blades
  4534 | D:5      | Entered Level 5 of the Dungeon
  4561 | D:5      | Gained mutation: You have large cloven feet. [demonic
                  | ancestry]
  4561 | D:5      | Reached XP level 8. HP: 43/61 MP: 8/8
  4792 | D:5      | Identified the +1 buckler of Wiff {rCorr Str-5 Slay+2}
  4887 | D:5      | Reached skill level 8 in Short Blades
  4887 | D:5      | Reached skill level 1 in Shields
  4947 | D:5      | Identified a scroll of acquirement
  4947 | D:5      | Acquired the +0 tower shield of Melancholy {+Inv Str+4}
  5140 | D:5      | Reached skill level 2 in Shields
  5333 | D:5      | Found a staircase to the Ecumenical Temple.
  5504 | D:6      | Reached skill level 3 in Shields
  5789 | D:7      | HP: 14/61 [something (7)]
  5809 | D:7      | Killed an unseen horror
  5809 | D:7      | Killed by an exploding wight... ignited by their inner
                  | flame

Vanquished Creatures
  An unseen horror (D:7)
  Grinder (D:3)
  A steam dragon (D:4)
  3 water moccasins
  3 black bears
  The ghost of spaghetti the Bolt Thrower, an amateur DDHu (D:3)
  An ogre (D:4)
  A phantom (D:4)
  A necrophage (D:5)
  A scorpion (D:5)
  A howler monkey (D:3)
  3 orc priests
  2 hounds
  Jessica (D:3)
  An orc wizard (D:5)
  Robin (D:1)
  4 gnolls (D:5)
  10 adders
  A shadow imp (D:5)
  A worm (D:2)
  4 dart slugs
  13 orcs
  4 ball pythons
  10 endoplasms
  5 giant cockroaches
  17 goblins
  5 hobgoblins
  6 jackals (D:1)
  3 bats
  A frilled lizard (D:2)
  6 kobolds
  7 rats
120 creatures vanquished.

Vanquished Creatures (others)
  4 toadstools (D:2)
4 creatures vanquished.

Grand Total: 124 creatures vanquished

Table legend:
 A = Non-vault XP
 B = Vault XP
 C = Vault XP percentage of total XP
 D = Non-vault monster count
 E = Vault monster count
 F = Vault count percentage of total count
                 A         B        C        D         E       F
            +---------+---------+-------+---------+---------+-------
      Total |    2480 |     473 |  16.0 |     106 |      14 |  11.7
            +---------+---------+-------+---------+---------+-------
        D:1 |      34 |      29 |  46.0 |      20 |       8 |  28.6
        D:2 |      43 |       6 |  12.2 |      18 |       3 |  14.3
        D:3 |     111 |     438 |  79.8 |      16 |       3 |  15.8
        D:4 |     608 |       0 |   0.0 |      26 |       0 |   0.0
        D:5 |     832 |       0 |   0.0 |      21 |       0 |   0.0
        D:6 |     320 |       0 |   0.0 |       3 |       0 |   0.0
        D:7 |     532 |       0 |   0.0 |       2 |       0 |   0.0
            +---------+---------+-------+---------+---------+-------

Illustrated notes

Table legend:
 A = Kills in this place as a percentage of kills in entire the game.
 B = Kills by you in this place as a percentage of kills by you in the entire game.
 C = Kills by friends in this place as a percentage of kills by friends in the entire game.
 D = Other kills in this place as a percentage of other kills in the entire game.
 E = Experience gained in this place as a percentage of experience gained in the entire game.
 F = Experience gained in this place divided by the number of levels of this place that you have seen.
                   A       B       C       D       E      F
               +-------+-------+-------+-------+-------+----------------------
         Total | 100.0 | 100.0 |   N/A |   N/A | 100.0 | 421.9
       Dungeon | 100.0 | 100.0 |   N/A |   N/A | 100.0 | 421.9
               +-------+-------+-------+-------+-------+----------------------

Table legend: (Time is in decaauts)
 A = Elapsed time spent in this place.
 B = Non-inter-level travel time spent in this place.
 C = Inter-level travel time spent in this place.
 D = Time resting spent in this place.
 E = Time spent auto-exploring this place.
 F = Levels seen in this place.
 G = Mean time per level.
                   A        B        C        D        E       F      G
               +--------+--------+--------+--------+--------+-----+--------+
         Total |   5952 |   5884 |     68 |   1630 |   3432 |   7 |  850.3 |
       Dungeon |   5952 |   5884 |     68 |   1630 |   3432 |   7 |  850.3 |
               +--------+--------+--------+--------+--------+-----+--------+

Top non-repeatable levels by time:
     D:1: 1709 daAuts
     D:3: 1363 daAuts
     D:4: 930 daAuts
     D:5: 919 daAuts
     D:2: 672 daAuts
     D:7: 185 daAuts
     D:6: 172 daAuts
